 Dungeon Crawl Stone Soup version 0.20.1-1-g8b1a95d (webtiles) character file.

3716 equalderp2856 the Cleaver (level 9, -1/69 HPs)
             Began as a Mummy Fighter on Oct 25, 2017.
             Slain by a killer bee (2 damage)
             ... on level 9 of the Dungeon.
             The game lasted 00:20:26 (11339 turns).

equalderp2856 the Cleaver (Mummy Fighter)          Turns: 11339, Time: 00:20:27

Health: -1/69      AC: 14    Str: 21    XL:     9   Next: 91%
Magic:  0/15       EV:  5    Int: 11    God:
Gold:   371        SH: 10    Dex: 11    Spells: 16/16 levels left

rFire    x . .     SeeInvis .   a - +0 war axe
rCold    + . .     Gourm    .   c - +0 shield
rNeg     + + +     Faith    .   z - +0 plate armour
rPois    ∞         Spirit   +   (no helmet)
rElec    .         Reflect  .   D - scarf {Spirit}
rCorr    .         Harm     .   (no gloves)
MR       +....     Rnd*Tele +   p - +1 pair of boots
Stlth    ..........             (no amulet)
Regen    0.3/turn               h - +2 ring of strength
MPRegen  0.2/turn               v - ring of teleportation (curse)

@: about to teleport
A: no food or potions, fire vulnerability, cold resistance 1, negative energy
resistance 3, torment resistance, unbreathing
a: no special abilities


You were on level 9 of the Dungeon.
You were not hungry.

You visited 1 branch of the dungeon, and saw 9 of its levels.

You collected 479 gold pieces.
You spent 108 gold pieces at shops.

Inventory:

Hand Weapons
 a - a +0 war axe (weapon)
Armour
 b - a +0 scale mail
 c - a +0 shield (worn)
 l - a +1 pair of boots
 p - a +1 pair of boots (worn)
 z - a +0 plate armour (worn)
 D - a scarf of spirit shield (worn)
Jewellery
 h - a +2 ring of strength (left hand)
 j - an uncursed ring of positive energy (quivered)
 k - an uncursed amulet of faith
 s - an uncursed ring of resist corrosion
 v - a cursed ring of teleportation (right hand)
Wands
 r - a wand of random effects (25/48)
 y - a wand of disintegration (0/24)
 C - a wand of clouds (2/9)
Scrolls
 d - 4 scrolls of amnesia
 e - 2 scrolls of teleportation
 f - 2 scrolls of remove curse {unknown}
 g - a scroll of fog {unknown}
 i - 4 scrolls of identify
 m - a scroll of vulnerability {unknown}
 n - 2 scrolls of enchant weapon {unknown}
 o - a scroll of immolation {unknown}
 q - a scroll of blinking {unknown}
 u - 2 scrolls of enchant armour {unknown}
 w - 2 scrolls of noise {unknown}
 x - a scroll of random uselessness {unknown}
 A - a scroll of magic mapping {unknown}
 B - a scroll of fear {unknown}
Books
 t - a book of Conjurations

   Spells                             Type                      Level
   a - Magic Dart                     Conjuration                  1
   b - Searing Ray                    Conjuration                  2
   c - Dazzling Spray                 Conjuration/Hexes            3
   d - Fulminant Prism                Conjuration/Hexes            4
   e - Force Lance                    Conjuration/Translocation    4
   f - Iskenderun's Mystic Blast      Conjuration                  4


   Skills:
 - Level 5.7 Fighting
 * Level 8.0 Axes
 - Level 5.4 Armour
 - Level 1.9 Dodging
 - Level 1.0 Stealth
 - Level 5.3 Shields
 * Level 4.3 Spellcasting


You had 16 spell levels left.
You didn't know any spells.

Dungeon Overview and Level Annotations

Branches:
Dungeon (9/15)             Temple (0/1) D:7
   Lair: D:8-11         Orc: D:9-12

Altars:
Xom
Yredelemnul
Zin

Shops:
D:5 =   D:8 [

Annotations:
D:7 Lovchig's ghost, novice DDFi


Innate Abilities, Weirdness & Mutations

You do not eat or drink.
Your flesh is vulnerable to fire.
You are immune to poison.
Your flesh is cold resistant. (rC+)
You are immune to negative energy. (rN+++)
You are immune to unholy pain and torment.
You can survive without breathing.


Message History

* * * LOW HITPOINT WARNING * * *
Something stings you.
* * * LOW HITPOINT WARNING * * *
As you read the scroll of teleportation, it crumbles to dust.
You feel strangely unstable.
Something stings you but does no damage.
Something stings you.
* * * LOW HITPOINT WARNING * * *
Something stings you but does no damage.
You hear an angry buzzing noise.
Something stings you but does no damage.
You block something's attack.
You hear a howl!
Something stings you.
* * * LOW HITPOINT WARNING * * *
Something stings you!
* * * LOW HITPOINT WARNING * * *
Unknown command.
You block something's attack. Something stings you.
You die...

.#.#####.#.#.......#.#
##[# #.##.#.!###...#
##.# #.......# ##.##
##.# ######.## #.#
##.# #.# #.# ...# .%#
#.# #### ########.###
#......# #@##.#.#
#.##.#.# #.##.#.#
#<##.#.# #.##.#.#
#......# ####.### #.#
..#


There were no monsters in sight!

Vanquished Creatures
  Pikel (D:5)
  Sigmund (D:3)
  A wyvern (D:8)
  Eustachio (D:6)
  A black bear (D:8)
  A sky beast (D:5)
  A hornet zombie (D:8)
  2 phantoms
  A centaur (D:7)
  3 ogres
  A big kobold (D:6)
  6 bullfrogs
  A gnoll sergeant (D:8)
  A scorpion (D:6)
  11 killer bees
  A howler monkey (D:7)
  A crimson imp (D:5)
  A bullfrog zombie (D:9)
  A quasit (D:7)
  2 orc priests
  7 orc wizards
  A bullfrog skeleton (D:6)
  2 hounds
  A centaur skeleton (D:7)
  3 iguanas
  10 worker ants
  A worker ant zombie (D:7)
  8 gnolls
  7 adders
  An ooze (D:4)
  2 worms
  A dart slug (D:1)
  5 leopard geckos
  14 orcs
  2 giant cockroaches
  5 goblins
  7 hobgoblins
  3 jackals
  13 kobolds
  3 quokkas
  A ball python (D:2)
  9 bats
  2 frilled lizards
  9 rats
  A spectral orc (D:2)
157 creatures vanquished.

Vanquished Creatures (others)
  A sky beast (D:7)
  3 slaves (D:6)
  A bullfrog (D:7)
  A howler monkey (D:7)
  A worker ant (D:6)
7 creatures vanquished.

Grand Total: 164 creatures vanquished

Notes
Turn   | Place    | Note
-------+----------+-------------------------------------------
     0 | D:1      | equalderp2856 the Mummy Fighter began the quest for the Orb.
     0 | D:1      | Reached XP level 1. HP: 18/18 MP: 1/1
   141 | D:1      | Reached XP level 2. HP: 22/24 MP: 2/2
   493 | D:2      | Reached skill level 2 in Axes
   514 | D:2      | Reached XP level 3. HP: 29/29 MP: 3/3
  1262 | D:2      | Found a basalt altar of Yredelemnul.
  1362 | D:3      | Noticed Sigmund
  1369 | D:3      | Killed Sigmund
  1369 | D:3      | Reached skill level 3 in Axes
  1369 | D:3      | Reached XP level 4. HP: 20/36 MP: 4/4
  1369 | D:3      | Reached XP level 5. HP: 23/41 MP: 5/5
  1804 | D:3      | Reached XP level 6. HP: 47/48 MP: 6/6
  2366 | D:3      | Found a shimmering altar of Xom.
  2938 | D:4      | Reached skill level 4 in Axes
  2938 | D:4      | Reached skill level 1 in Dodging
  3024 | D:4      | Reached XP level 7. HP: 54/54 MP: 7/7
  3183 | D:5      | Entered Level 5 of the Dungeon
  4103 | D:5      | Found Gisatiwnol's Jewellery Shop.
  4405 | D:5      | Reached skill level 5 in Axes
  4626 | D:6      | Noticed Pikel
  4954 | D:5      | Killed Pikel
  4954 | D:5      | Reached skill level 1 in Stealth
  4954 | D:5      | Reached XP level 8. HP: 57/61 MP: 8/8
  5005 | D:6      | Reached skill level 5 in Fighting
  5235 | D:6      | Reached skill level 6 in Axes
  5436 | D:6      | Found a glowing silver altar of Zin.
  5436 | D:6      | Noticed an angel
  5436 | D:6      | Noticed Eustachio
  5530 | D:6      | Killed Eustachio
  5556 | D:6      | You fall through a shaft for 3 floors!
  5579 | D:9      | Noticed a two-headed ogre
  5846 | D:8      | Reached skill level 5 in Armour
  5846 | D:8      | Reached XP level 9. HP: 67/68 MP: 9/9
  6154 | D:8      | Reached skill level 5 in Shields
  6471 | D:6      | Reached skill level 7 in Axes
  7003 | D:7      | Noticed Lovchig's ghost (novice DDFi)
  7572 | D:7      | Found a staircase to the Ecumenical Temple.
  7970 | D:8      | Found Serch's Armour Shoppe.
  7978 | D:8      | Bought a scarf of spirit shield for 108 gold pieces
  8182 | D:7      | Reached skill level 1 in Spellcasting
  9132 | D:8      | Noticed a queen bee
 11091 | D:6      | Reached skill level 8 in Axes
 11338 | D:9      | HP: 1/69 [something (9)]
 11339 | D:9      | Slain by a killer bee

Skill      XL: |  1  2  3  4  5  6  7  8  9 |
---------------+----------------------------+-----
Axes           | 2 3 4 5 6 8 |  8.0
Armour         | 3 4 5 |  5.4
Shields        | 3 4 5 |  5.3
Fighting       | 4 5 |  5.7
Dodging        | 1 |  1.9
Stealth        | 1 |  1.0
Spellcasting   | 4 |  4.3

Action                   |  1- 3 |  4- 6 |  7- 9 || total
-------------------------+-------+-------+-------++-------
Melee: War axe           |   105 |   145 |   747 ||   997
Evoke: Wand              |       |       |     5 ||     5
  Use: Scroll            |       |       |     4 ||     4
Armor: Scale mail        |    34 |    64 |    18 ||   116
       Plate armour      |       |       |   582 ||   582
Dodge: Dodged            |    23 |    47 |   238 ||   308
Block: Shield            |    60 |    76 |   573 ||   709
